 Dungeon Crawl Stone Soup version 0.20.0-10-g0535bb4 (webtiles) character file.

446444 grindst0ne the Slayer (level 24, -10/173 HPs)
             Began as a Gargoyle Fighter on June 6, 2017.
             Was the Champion of Okawaru.
             Mangled by a yaktaur captain
             ... wielding a cursed staff of fire
              (17 damage)
             ... on level 5 of the Vaults.
             The game lasted 02:32:27 (58057 turns).

grindst0ne the Slayer (Gargoyle Fighter)           Turns: 58057, Time: 02:32:28

Health: -10/173    AC: 45    Str: 21    XL:     24   Next: 21%
Magic:  0/30       EV: 18    Int: 18    God:    Okawaru [******]
Gold:   1910       SH:  0    Dex: 26    Spells: 23/23 levels left

rFire    + + +     SeeInvis +   O - +10 executioner's axe of Luothrovi {chop, SInv}
rCold    + + .     Gourm    .   (shield currently unavailable)
rNeg     + + +     Faith    .   x - +2 crystal plate armour of the Abyss {rElec rF+ Int+3 Dex-2 Stlth+}
rPois    ∞         Spirit   +   B - -2 hat of the Alchemist {rElec rPois rF+ rC+ rN+ MR+ rMut rCorr}
rElec    +         Reflect  .   W - scarf {repulsion}
rCorr    +         Harm     .   V - +0 pair of gloves of Qauho {rN++ Int+3}
rMut     +                      (no boots)
MR       +....                  G - amulet of guardian spirit
Stlth    ..........             r - +6 ring of dexterity
Regen    0.4/turn               o - ring of protection from fire
MPRegen  0.3/turn

@: agile, resistant, vulnerable, flying, repel missiles
A: big wings, negative energy resistance 1, electricity resistance, unbreathing,
petrification resistance, rot immunity, AC +17
}: 2/15 runes: serpentine, barnacled
a: Stop Flying, Heroism, Finesse, Renounce Religion


You were on level 5 of the Vaults.
You worshipped Okawaru.
Okawaru was exalted by your worship.
You were hungry.

You visited 8 branches of the dungeon, and saw 40 of its levels.
You visited the Abyss 1 time.
You also visited: Labyrinth, Sewer, Bailey and Ice Cave.

You collected 4558 gold pieces.
You spent 2648 gold pieces at shops.

Inventory:

Hand Weapons
 O - the +10 executioner's axe of Luothrovi (weapon) {chop, SInv}
   (Okawaru gifted it to you on level 5 of the Lair of Beasts)

   It inflicts extra damage upon your enemies.
   It lets you see invisible.
 P - a +1 demon blade of electrocution
 Q - the +11 broad axe of Plog {protect, rF++ Str+7 Stlth-}
   (You found it on level 8 of the Dungeon)

   It protects the one who uses it against injury (+AC on strike).
   It affects your strength (+7).
   It greatly protects you from fire.
   It makes you less stealthy.
Missiles
 T - 951 arrows
Armour
 x - the +2 crystal plate armour of the Abyss (worn) {rElec rF+ Int+3 Dex-2 Stlth+}
   (Okawaru gifted it to you in an ice cave)

   It affects your intelligence (+3).
   It affects your dexterity (-2).
   It protects you from fire.
   It insulates you from electricity.
   It makes you more stealthy.
 B - the -2 hat of the Alchemist (worn) {rElec rPois rF+ rC+ rN+ MR+ rMut rCorr}
   (You bought it in a shop on level 9 of the Dungeon)

   It protects you from fire.
   It protects you from cold.
   It insulates you from electricity.
   It protects you from poison.
   It protects you from negative energy.
   It affects your resistance to hostile enchantments.
   It protects you from acid and corrosion.
   It protects you from mutation.
 M - a +1 crystal plate armour
 V - the +0 pair of gloves of Qauho (worn) {rN++ Int+3}
   (Okawaru gifted it to you on level 2 of the Vaults)

   It affects your intelligence (+3).
   It greatly protects you from negative energy.
 W - a scarf of repulsion (worn)
Jewellery
 o - a ring of protection from fire (right hand)
 r - a +6 ring of dexterity (left hand)
 G - an amulet of guardian spirit (around neck)
Wands
 k - a wand of disintegration (12/24)
 n - a wand of confusion (26/48)
 w - a wand of acid (14/15)
 K - a wand of iceblast (0/15)
 X - a wand of flame (17/48)
Scrolls
 e - 2 scrolls of recharging
 h - 15 scrolls of remove curse
 j - 4 scrolls of fear
 s - 6 scrolls of enchant weapon
 t - 7 scrolls of teleportation
 A - 6 scrolls of enchant armour
 D - 5 scrolls of silence
 E - 6 scrolls of fog
 H - 2 scrolls of brand weapon
 J - 4 scrolls of magic mapping
 Z - 4 scrolls of identify
Potions
 d - a potion of might
 l - 3 potions of mutation
 q - 4 potions of berserk rage
 u - 3 potions of degeneration
 F - a potion of haste
 I - a potion of cancellation
 L - 7 potions of lignification
Miscellaneous
 b - a fan of gales
 c - a lamp of fire
 v - a sack of spiders
 z - a lightning rod (3/4)
 Y - 2 boxes of beasts
Comestibles
 f - 12 bread rations
 g - 25 meat rations
 i - 26 royal jellies
 C - 42 fruits
 N - 5 chunks of flesh


   Skills:
 - Level 24.0 Fighting
 - Level 21.2 Axes
 - Level 18.4 Armour
 + Level 13.3 Dodging
   Level 3.2 Shields
 - Level 10.4 Invocations
 - Level 5.0 Evocations


You had 23 spell levels left.
You didn't know any spells.

Dungeon Overview and Level Annotations

Branches:
Dungeon (15/15)            Temple (1/1) D:6            Lair (6/6) D:9
 Shoals (4/4) Lair:3        Snake (4/4) Lair:3        Slime (0/5) Lair:6
    Orc (2/2) D:12            Elf (0/3) Orc:2        Vaults (5/5) D:14
  Crypt (3/3) Vaults:3       Tomb (0/3) Crypt:3      Depths (0/5) D:15

Altars:
Ashenzari
Cheibriados
Dithmenos
Elyvilon
Fedhas
Gozag
Hepliaklqana
Kikubaaqudgha
Makhleb
Nemelex Xobeh
Okawaru
Qazlal
Ru
Sif Muna
Trog
Uskayaw
Vehumet
Xom
Yredelemnul
Zin
The Shining One
Beogh

Shops:
D:5 =   D:9 [   D:11 *   D:13 =   Orc:2 [=([*   Snake:4 }=}

Annotations:
D:10 exclusion: obsidian statue
D:13 1 transporter


Innate Abilities, Weirdness & Mutations

You are resistant to torment.
Your stone body is resilient. (AC +17)
You are immune to poison.
Your large and strong wings let you fly indefinitely.
You resist negative energy. (rN+)
You are resistant to electric shocks. (rElec)
You can survive without breathing.
You are immune to petrification.
You are immune to rotting.


Message History

The ancient lich points at you and mumbles some strange words.
You barely resist. The ironbrand convoker misses you.
The phantasmal warrior hits you!
* * * LOW HITPOINT WARNING * * *
You feel protected.
The ancient lich touches you but does no damage.
The phantasmal warrior hits you but does no damage.
The ancient lich touches you but does no damage.
You feel agile all of a sudden. The yaktaur captain closely misses you.
The ancient lich completely misses you.
The phantasmal warrior hits you but does no damage.
Okay, then.
As you read the scroll of holy word, it crumbles to dust.
You speak a Word of immense power!
The phantasmal warrior convulses!
You destroy the phantasmal warrior!
Okawaru accepts your kill.
The ancient lich convulses!
The ancient lich touches you!
* * * LOW HITPOINT WARNING * * *
The yaktaur captain hits you with a staff of fire!!
You die...

#+#....#....
##.#....#....
.......(...
#######....(...###
..................
.........)<<......
........)<..<.....
..........<<...... ##
### ######c@......###
#.. #.. #..##pLp......#
..##..##p.##..#....##.#
#.. #..##..###....# .#
#c.##c.##..# #....# .
#..##..##..#....#
#..##..# ..#....#
#.p##..##..###....# #..
#..# ..#


You could see an ancient lich (dazed), a vault warden, a yaktaur captain and an
ironbrand convoker.

Vanquished Creatures
  Mara (Crypt:1)
  Xtahua (Crypt:3)
  Saint Roka (Vaults:2)
  2 bone dragons
  A profane servitor (Crypt:3)
  A tentacled monstrosity (Vaults:4)
  2 liches
  Polyphemus (Shoals:4)
  A tentacled starspawn (Abyss:3)
  2 krakens
  7 ancient champions
  Ilsuiw (Shoals:4)
  2 revenants
  A tengu reaver (Vaults:5)
  11 nagarajas
  6 vault wardens
  A fire giant (Vaults:3)
  A deep elf sorcerer (Vaults:4)
  3 orc warlords
  A curse skull (Crypt:3)
  A frost giant (Shoals:4)
  9 ironheart preservers
  5 ghouls
  2 reapers (Crypt:2)
  11 very ugly things
  6 stone giants
  A war gargoyle (Vaults:5)
  6 vampire knights
  A deep elf demonologist (Vaults:2)
  Nessos (D:14)
  A corrupter (Abyss:3)
  2 entropy weavers
  A red draconian (Abyss:3)
  3 eidola (Crypt:2)
  2 ettins
  3 deep elf death magi
  Snorg (Lair:3)
  11 merfolk impalers
  A crystal guardian (Vaults:2)
  A minotaur (Lab)
  Josephine (Lair:6)
  A green death (Abyss:3)
  A blizzard demon (Abyss:3)
  5 merfolk javelineers
  3 fire dragons
  The ghost of Artagas the Zephyrmancer, a journeyman KoAE of Sif Muna (Lair:1)
  18 jiangshi
  2 great orbs of eyes (Vaults:3)
  5 yaktaur captains
  14 naga warriors
  2 rakshasas (Vaults:1)
  6 hydras
  30 vault guards
  4 ice dragons
  2 merfolk avatars (Shoals:4)
  Harold (D:10)
  4 merfolk aquamancers
  A spectral shadow dragon (Crypt:3)
  4 catoblepae
  19 anacondas
  10 death knights
  34 two-headed ogres
  2 dancing weapons (D:14)
  12 death yaks
  5 centaur warriors
  7 ogre magi
  2 satyrs (Shoals:4)
  6 thrashing horrors (Abyss:3)
  A queen ant (Lair:6)
  A tengu warrior (D:15)
  3 deep troll shamans
  6 vampire magi
  5 shock serpents
  5 orc high priests
  A titan zombie (Crypt:1)
  3 deep elf knights
  18 naga sharpshooters
  Sonja (Lair:2)
  Nergalle (Lair:1)
  A salamander mystic (Snake:3)
  A wretched star (Abyss:3)
  A spriggan (Lair:4)
  54 skeletal warriors
  An iron giant zombie (Crypt:2)
  6 flayed ghosts
  3 shadow wraiths
  A spatial maelstrom (Abyss:3)
  A spectral anaconda (Crypt:3)
  A shadow demon (Abyss:3)
  5 deep trolls
  7 naga ritualists
  2 glowing orange brains (Vaults:3)
  28 sea snakes
  2 unseen horrors
  2 gelid demonspawn (Abyss:3)
  An anaconda zombie (Crypt:1)
  10 deep elf archers
  A lindwurm (Lair:4)
  2 wolf spider zombies
  6 phantasmal warriors
  19 harpies
  4 wizards
  A golden dragon skeleton (Crypt:1)
  11 ironbrand convokers
  An anaconda skeleton (Crypt:1)
  A harpy (shapeshifter) (Vaults:3)
  25 orc knights
  5 necromancers
  16 deep elf magi
  A salamander (shapeshifter) (Vaults:4)
  7 orc sorcerers
  A stone giant skeleton (Vaults:2)
  6 wolf spiders
  12 mana vipers
  5 cyclopes
  13 fauns
  13 salamanders
  A shadow dragon skeleton (Abyss:3)
  16 ugly things
  A worldbinder (Abyss:3)
  18 manticores
  3 ice statues
  2 titan simulacra
  26 black mambas
  A rust devil (Abyss:3)
  19 naga magi
  7 guardian serpents
  An iron dragon skeleton (Crypt:1)
  2 centaur zombies
  13 merfolk sirens
  Joseph (Lair:1)
  7 vault sentinels
  12 elephants
  9 spiny frogs
  3 gargoyles
  9 water nymphs
  3 smoke demons (Abyss:3)
  7 centaur skeletons
  An eye of devastation (Lair:6)
  An iron troll zombie (Crypt:1)
  9 rime drakes (Lair:5)
  32 yaktaurs
  An efreet (D:15)
  6 komodo dragons
  3 kobold demonologists (D:15)
  2 grey draconian zombies
  A catoblepas skeleton (Abyss:3)
  14 ice devils (IceCv)
  13 freezing wraiths
  An ancient zyme (Abyss:3)
  2 tengu conjurers
  A polar bear (Lair:4)
  A yaktaur skeleton (Vaults:2)
  A hornet (shapeshifter) (Vaults:1)
  8 trolls
  A queen bee (shapeshifter) (D:11)
  A meliai (Vaults:1)
  8 wind drakes
  43 merfolk
  6 hornets
  An ice dragon zombie (Crypt:1)
  14 blink frogs
  7 raiju (Abyss:3)
  8 snapping turtles
  12 slime creatures
  52 flying skulls
  A bog body (Crypt:2)
  22 hippogriffs
  13 dream sheep
  Sigmund (D:2)
  A tarantella (Vaults:3)
  A fire dragon skeleton (Crypt:1)
  A ynoxinul (Abyss:3)
  3 fire bats (Abyss:3)
  8 shadows
  2 redbacks (Vaults:3)
  A vampire (D:11)
  7 starcursed masses (Abyss:3)
  16 wraiths
  8 large abominations
  44 yaks
  A spectral elf (Crypt:3)
  7 water elementals
  6 wyverns
  6 hungry ghosts
  10 basilisks
  2 redback simulacra (D:15)
  2 vampire mosquitoes (D:15)
  A warg (shapeshifter) (Vaults:4)
  9 wargs
  68 nagas
  A spatial vortex (Abyss:3)
  An acid dragon (Vaults:1)
  23 soldier ants
  11 water moccasins
  A faun skeleton (Crypt:1)
  16 porcupines
  8 ice beasts
  A hornet zombie (D:14)
  A sky beast (D:9)
  6 necrophages
  5 black bears
  68 orc warriors
  A tengu (shapeshifter) (Vaults:2)
  2 eyes of draining
  2 phantoms
  30 ogres
  9 boggarts
  43 wolves
  8 centaurs
  An elephant skeleton (Crypt:2)
  A blink frog zombie (Crypt:1)
  10 crocodiles
  A snapping turtle skeleton (Crypt:1)
  A crocodile (shapeshifter) (Vaults:4)
  8 big kobolds
  A wyvern zombie (D:15)
  An earth elemental (Abyss:3)
  A fire crab zombie (Crypt:1)
  17 bullfrogs
  A human skeleton (Vaults:2)
  7 scorpions
  A wyvern skeleton (D:9)
  A cyclops skeleton (Crypt:2)
  5 small abominations
  14 killer bees
  8 wights
  11 howler monkeys
  2 vampire bats (D:5)
  2 electric eels (Snake:2)
  8 crimson imps
  4 jellies
  A lava snake (Lair:4)
  A quasit (D:12)
  A wolf skeleton (Crypt:2)
  A black bear zombie (Crypt:2)
  A human simulacrum (Vaults:4)
  30 orc priests
  8 hounds
  A basilisk zombie (Crypt:2)
  19 orc wizards
  4 bullfrog skeletons
  5 iguanas
  Jessica (D:3)
  A basilisk skeleton (Crypt:2)
  A porcupine zombie (Crypt:2)
  Terence (D:2)
  Natasha (twice) (D:3)
  35 worker ants
  A felid skeleton (Crypt:2)
  A big kobold skeleton (Crypt:1)
  A hound zombie (D:6)
  A hound skeleton (D:9)
  2 worker ant zombies
  6 gnolls
  2 howler monkey skeletons (D:9)
  20 adders
  3 shadow imps
  8 white imps
  2 ufetubi (IceCv)
  An ooze (D:1)
  An adder skeleton (D:6)
  8 worms
  2 dart slugs
  5 leopard geckos
  126 orcs
  6 giant cockroaches
  6 goblins
  2 hobgoblins (D:2)
  12 jackals
  30 kobolds
  3 quokkas
  10 ball pythons
  11 bats
  5 frilled lizards
  A giant cockroach zombie (D:6)
  A jackal skeleton (Crypt:1)
  A leopard gecko zombie (D:6)
  An orc zombie (Crypt:1)
  A quokka skeleton (D:9)
  A quokka zombie (D:8)
  4 rats
  3 fungi
  20 plants
  3 starspawn tentacles (Abyss:3)
  2 tentacles (Shoals:2)
2061 creatures vanquished.

Vanquished Creatures (others)
  A fire giant (Vaults:3)
  A deep elf annihilator (Vaults:2)
  An unseen horror (D:14)
  An orb spider (shapeshifter) (Vaults:2)
  A centaur skeleton (D:15)
  3 white imps (IceCv)
  7 ufetubi (IceCv)
  An orc (Vaults:5)
  19 fungi
  33 plants
  6 tentacles
74 creatures vanquished.

Grand Total: 2135 creatures vanquished

Notes
Turn   | Place    | Note
-------+----------+-------------------------------------------
     0 | D:1      | grindst0ne the Gargoyle Fighter began the quest for the Orb.
     0 | D:1      | Reached XP level 1. HP: 14/14 MP: 1/1
   106 | D:1      | Reached XP level 2. HP: 14/20 MP: 2/2
   198 | D:1      | Reached skill level 4 in Fighting
   613 | D:2      | Reached XP level 3. HP: 19/24 MP: 3/3
   937 | D:2      | Noticed Sigmund
   990 | D:2      | Killed Sigmund
   990 | D:2      | Reached skill level 6 in Fighting
   990 | D:2      | Reached XP level 4. HP: 18/32 MP: 4/4
   990 | D:2      | Reached XP level 5. HP: 20/37 MP: 5/5
  1211 | D:2      | Noticed Terence
  1222 | D:2      | Killed Terence
  1222 | D:2      | Reached skill level 7 in Fighting
  1222 | D:2      | Reached XP level 6. HP: 41/44 MP: 6/6
  1695 | D:3      | Noticed Jessica
  1811 | D:3      | Killed Jessica
  1811 | D:3      | Reached skill level 8 in Fighting
  1862 | D:3      | Noticed Natasha
  1871 | D:3      | Killed Natasha
  2209 | D:3      | Noticed Natasha
  2217 | D:3      | Killed Natasha
  2217 | D:3      | Reached XP level 7. HP: 41/50 MP: 7/7
  2640 | D:3      | Found a glowing golden altar of the Shining One.
  2749 | D:4      | Reached skill level 9 in Fighting
  2967 | D:4      | Found a glowing drain.
  3032 | Sewer    | Entered a sewer
  3084 | Sewer    | Reached skill level 10 in Fighting
  3318 | Sewer    | Reached XP level 8. HP: 57/57 MP: 8/8
  3907 | D:4      | Found a stormy altar of Qazlal.
  4019 | D:5      | Entered Level 5 of the Dungeon
  4125 | D:5      | Reached skill level 5 in Armour
  4678 | D:5      | Found Gysch's Jewellery Emporium.
  5221 | D:6      | Reached XP level 9. HP: 61/62 MP: 9/9
  5240 | D:6      | Got a fine whip
  5241 | D:6      | Identified the +3 whip of Qeubink {elec, MP+9} (You found it on level 6 of the Dungeon)
  5314 | D:6      | Found a burning altar of Makhleb.
  5584 | D:6      | Found a staircase to the Ecumenical Temple.
  5593 | Temple   | Entered the Ecumenical Temple
  5897 | Temple   | Became a worshipper of Warmaster Okawaru
  6673 | D:6      | Reached skill level 10 in Armour
  6925 | D:6      | Reached * piety under Okawaru
  7250 | D:8      | Reached skill level 1 in Evocations
  7453 | D:8      | Reached ** piety under Okawaru
  7453 | D:8      | Reached XP level 10. HP: 61/68 MP: 13/13
  7876 | D:8      | Found a shattered altar of Ashenzari.
  7954 | D:8      | Reached skill level 5 in Evocations
  8002 | D:8      | Got a shimmering broad axe
  8003 | D:8      | Identified the +11 broad axe of Plog {protect, rF++ Str+7 Stlth-} (You found it on level 8 of the Dungeon)
  8216 | D:8      | Found a glowing silver altar of Zin.
  8485 | D:9      | Noticed a gargoyle
  8493 | D:9      | Killed a gargoyle
  8613 | D:9      | Reached *** piety under Okawaru
  8668 | D:9      | Reached skill level 5 in Axes
  8719 | D:9      | Noticed a two-headed ogre
  8732 | D:9      | Killed a two-headed ogre
  8969 | D:9      | Found a staircase to the Lair.
  9016 | D:9      | Found Ibla's Antique Armour Shoppe.
  9029 | D:9      | Bought a shimmering chain mail for 275 gold pieces
  9039 | D:9      | Identified the +5 chain mail of Wariness {rElec rF++} (You bought it in a shop on level 9 of the Dungeon)
  9384 | D:9      | Reached **** piety under Okawaru
  9384 | D:9      | Reached XP level 11. HP: 72/72 MP: 14/14
  9507 | D:10     | Entered Level 10 of the Dungeon
  9524 | D:10     | Noticed a centaur warrior
  9529 | D:10     | Noticed a two-headed ogre
  9560 | D:10     | Noticed a six-headed hydra
  9683 | Lair:1   | Entered Level 1 of the Lair of Beasts
  9704 | Lair:1   | Noticed Artagas's ghost (journeyman KoAE)
  9729 | Lair:1   | Killed Artagas's ghost
  9896 | Lair:1   | Noticed Joseph
 10120 | Lair:1   | Killed Joseph
 10349 | Lair:1   | Received a gift from Okawaru
 10358 | Lair:1   | Reached skill level 10 in Axes
 10748 | Lair:1   | Reached ***** piety under Okawaru
 10777 | Lair:1   | Got a pitted spear
 10966 | Lair:1   | Noticed Nergalle
 11010 | Lair:1   | Received a gift from Okawaru
 11019 | Lair:1   | Killed Nergalle
 11581 | Lair:2   | Reached XP level 12. HP: 67/77 MP: 15/15
 11728 | Lair:2   | Noticed Sonja
 11731 | Lair:2   | Killed Sonja
 12582 | Lair:3   | Found a staircase to the Shoals.
 12852 | Lair:3   | Found a staircase to the Snake Pit.
 13248 | Lair:4   | Reached ****** piety under Okawaru
 13361 | Lair:4   | Noticed Snorg
 13362 | Lair:4   | Noticed a death yak
 13373 | Lair:4   | Noticed a death yak
 13374 | Lair:4   | Noticed a death yak
 13375 | Lair:4   | Noticed a death yak
 13389 | Lair:3   | Killed a death yak
 13505 | Lair:3   | Killed a death yak
 13508 | Lair:3   | Killed Snorg
 13508 | Lair:3   | Received a gift from Okawaru
 13508 | Lair:3   | Killed a death yak
 13511 | Lair:3   | Got a sapphire shortbow {god gift}
 13518 | Lair:3   | Identified the +7 shortbow of Extremism {flame, rElec} (Okawaru gifted it to you on level 3 of the Lair of Beasts)
 13531 | Lair:3   | Killed a death yak
 13609 | Lair:4   | Noticed a spriggan rider
 13838 | Lair:4   | Killed a spriggan rider
 13838 | Lair:4   | Reached XP level 13. HP: 76/82 MP: 13/16
 14245 | Lair:4   | Received a gift from Okawaru
 14563 | Lair:5   | Reached skill level 15 in Axes
 15383 | Lair:5   | Received a gift from Okawaru
 15419 | Lair:5   | Got a faintly glowing executioner's axe {god gift}
 15440 | Lair:5   | Identified the +10 executioner's axe of Luothrovi {chop, SInv} (Okawaru gifted it to you on level 5 of the Lair of Beasts)
 15925 | Lair:6   | Entered Level 6 of the Lair of Beasts
 16038 | Lair:5   | Gained mutation: Your large and strong wings let you fly indefinitely. [Gargoyle growth]
 16038 | Lair:5   | Reached XP level 14. HP: 50/88 MP: 12/17
 16379 | Lair:6   | Noticed an entropy weaver
 16547 | Lair:6   | Got a pitted glass ring
 16549 | Lair:6   | Identified the ring "Baxod" {Ice Dex+3} (You found it on level 6 of the Lair of Beasts)
 16599 | Lair:6   | Noticed Josephine
 16608 | Lair:6   | Killed Josephine
 16655 | Lair:6   | Found a staircase to the Slime Pits.
 16661 | Lair:6   | Received a gift from Okawaru
 16979 | Lair:6   | Noticed an entropy weaver
 17157 | Lair:6   | Killed an entropy weaver
 17555 | Lair:6   | Received a gift from Okawaru
 18251 | Lair:6   | Received a gift from Okawaru
 18622 | D:10     | Reached XP level 15. HP: 64/92 MP: 18/18
 19436 | D:10     | Found a runed door.
 19683 | D:10     | Noticed Harold
 19697 | D:10     | Killed Harold
 20430 | D:11     | Got a crude mace
 20431 | D:11     | Identified the +11 mace "Uppibro" {drain, Fragile +Fly rF+++ Str+7} (You found it on level 11 of the Dungeon)
 20494 | D:11     | Found Layzyps's Changing Room.
 21104 | D:12     | Found a staircase to the Orcish Mines.
 21916 | D:13     | Found a transporter.
 21973 | D:13     | Found Iteep's Jewellery Emporium.
 22091 | D:13     | Received a gift from Okawaru
 22155 | D:13     | Got a warped scimitar
 22681 | D:14     | Found a gate to the Vaults.
 22794 | D:14     | Noticed Nessos
 22817 | D:14     | Killed Nessos
 23457 | D:15     | Entered Level 15 of the Dungeon
 23512 | D:15     | Found a labyrinth entrance.
 23521 | Lab      | Entered a labyrinth
 23818 | Lab      | Got a brightly glowing morningstar
 23848 | D:15     | Reached XP level 16. HP: 35/97 MP: 4/19
 24432 | D:15     | Received a gift from Okawaru
 24618 | D:15     | Found a staircase to the Depths.
 24996 | Orc:1    | Entered Level 1 of the Orcish Mines
 24996 | Orc:1    | Found a flagged portal.
 25031 | Bailey   | Entered a bailey
 25639 | Bailey   | Got an encrusted plate armour
 25650 | Bailey   | Identified the cursed +1 plate armour "Piohim" {rCorr} (You found it in a bailey)
 25939 | Orc:1    | Found a roughly hewn altar of Beogh.
 26518 | Orc:2    | Entered Level 2 of the Orcish Mines
 26518 | Orc:2    | Found a staircase to the Elven Halls.
 26518 | Orc:2    | Found Zoarick's Armour Shop.
 26640 | Orc:2    | Found Gino's Jewellery Boutique.
 26856 | Orc:2    | Found Mesen's Antique Weapon Emporium.
 27084 | Orc:2    | Reached skill level 11 in Fighting
 27445 | Orc:2    | Found Mics's General Store.
 27629 | Orc:2    | Found Xyal's Antique Armour Boutique.
 27640 | Orc:2    | Bought a warped chain mail for 285 gold pieces
 27650 | Orc:2    | Identified the +8 chain mail "Gipnanugg" {Dex+3} (You bought it in a shop on level 2 of the Orcish Mines)
 27861 | D:9      | Bought the -2 hat of the Alchemist {rElec rPois rF+ rC+ rN+ MR+ rMut rCorr} for 1368 gold pieces
 27957 | Snake:1  | Entered Level 1 of the Snake Pit
 27990 | Snake:1  | Reached skill level 1 in Invocations
 28445 | Snake:1  | Received a gift from Okawaru
 28459 | Snake:1  | Got a scorched hat {god gift}
 28470 | Snake:1  | Identified the +0 hat "Ukhiw" {rPois rCorr Str-2 Int+4} (Okawaru gifted it to you on level 1 of the Snake Pit)
 28697 | Snake:1  | Identified the +1 morningstar "Qadoim" {distort, rF+ Str-4 Int+4 SInv} (You found it in a labyrinth)
 28813 | Snake:2  | Noticed a nagaraja
 28813 | Snake:2  | Reached skill level 5 in Invocations
 28831 | Snake:2  | Killed a nagaraja
 29193 | Snake:2  | Reached skill level 1 in Dodging
 29402 | Snake:2  | Reached XP level 17. HP: 36/104 MP: 12/21
 30436 | Snake:2  | Reached skill level 5 in Dodging
 31573 | Snake:3  | Received a gift from Okawaru
 32024 | Snake:3  | Found a glowing silver altar of Zin.
 32961 | Snake:4  | Entered Level 4 of the Snake Pit
 33827 | Snake:4  | Received a gift from Okawaru
 33969 | Snake:4  | Reached skill level 10 in Dodging
 34451 | Snake:4  | Reached XP level 18. HP: 95/110 MP: 19/22
 34760 | Snake:4  | Identified the +6 scimitar "Enuoshy" {freeze, Str+2 Dex+2} (You found it on level 13 of the Dungeon)
 34878 | Snake:4  | Found Tima's Gadget Shoppe.
 34882 | Snake:4  | Found Resypiw's Jewellery Boutique.
 34884 | Snake:4  | Found Voihowu's Gadget Shoppe.
 34896 | Snake:4  | Bought a sack of spiders for 240 gold pieces
 34896 | Snake:4  | Bought a lamp of fire for 480 gold pieces
 35844 | Snake:4  | Received a gift from Okawaru
 36064 | Snake:4  | Got a serpentine rune of Zot
 36411 | Snake:4  | Reached skill level 15 in Armour
 36518 | Shoals:1 | Entered Level 1 of the Shoals
 36592 | Shoals:1 | Found a frozen archway.
 36605 | IceCv    | Entered an ice cave
 36764 | IceCv    | Received a gift from Okawaru
 36771 | IceCv    | Got a heavily runed crystal plate armour {god gift}
 36782 | IceCv    | Identified the +2 crystal plate armour of the Abyss {rElec rF+ Int+3 Dex-2 Stlth+} (Okawaru gifted it to you in an ice cave)
 37284 | IceCv    | Noticed an Ice Fiend
 37284 | IceCv    | Noticed an Ice Fiend
 38887 | Shoals:2 | Reached XP level 19. HP: 76/115 MP: 15/23
 41026 | Shoals:4 | Entered Level 4 of the Shoals
 41028 | Shoals:4 | Noticed Polyphemus
 41070 | Shoals:4 | Received a gift from Okawaru
 41086 | Shoals:4 | Killed Polyphemus
 42672 | Shoals:4 | Noticed Ilsuiw
 42701 | Shoals:4 | Killed Ilsuiw
 43051 | Shoals:4 | Reached skill level 10 in Invocations
 43296 | Shoals:4 | Got a barnacled rune of Zot
 43332 | Shoals:4 | Reached XP level 20. HP: 83/120 MP: 18/27
 43786 | Vaults:1 | Entered Level 1 of the Vaults
 43889 | Vaults:1 | Reached skill level 12 in Fighting
 43893 | Vaults:1 | Received a gift from Okawaru
 44336 | Vaults:1 | Reached skill level 13 in Fighting
 44730 | Vaults:1 | Reached skill level 14 in Fighting
 44868 | Vaults:1 | Received a gift from Okawaru
 45347 | Vaults:2 | Noticed Saint Roka
 45594 | Vaults:2 | Killed Saint Roka
 45730 | Vaults:2 | Reached skill level 15 in Fighting
 46264 | Vaults:2 | Reached skill level 16 in Fighting
 46543 | Vaults:2 | Received a gift from Okawaru
 46550 | Vaults:2 | Reached XP level 21. HP: 101/137 MP: 23/28
 46565 | Vaults:2 | Got a pair of transparent gloves {god gift}
 46576 | Vaults:2 | Identified the +0 pair of gloves of Qauho {rN++ Int+3} (Okawaru gifted it to you on level 2 of the Vaults)
 47030 | Vaults:2 | Reached skill level 17 in Fighting
 48647 | Vaults:3 | Reached skill level 18 in Fighting
 48915 | Vaults:3 | Found a staircase to the Crypt.
 48915 | Vaults:3 | Found an ancient bone altar of Kikubaaqudgha.
 48916 | Vaults:3 | Found a basalt altar of Yredelemnul.
 49620 | Crypt:1  | Entered Level 1 of the Crypt
 49648 | Crypt:1  | Received a gift from Okawaru
 49703 | Crypt:1  | Reached skill level 19 in Fighting
 49807 | Crypt:1  | Noticed Mara
 49815 | Crypt:1  | Killed Mara
 50910 | Crypt:2  | Reached skill level 20 in Fighting
 50931 | Crypt:2  | Reached XP level 22. HP: 64/152 MP: 3/29
 51281 | Crypt:2  | Received a gift from Okawaru
 51291 | Crypt:2  | Identified the +5 halberd of Okawaru's Esteem {chop, -Tele rC++ Str+2 Int+4} (Okawaru gifted it to you on level 2 of the Crypt)
 52318 | Crypt:2  | Reached skill level 21 in Fighting
 52332 | Crypt:3  | Entered Level 3 of the Crypt
 52561 | Crypt:3  | Received a gift from Okawaru
 52681 | Crypt:3  | Found a basalt altar of Yredelemnul.
 52864 | Crypt:3  | Reached skill level 22 in Fighting
 52945 | Crypt:3  | Received a gift from Okawaru
 52990 | Crypt:3  | Noticed Xtahua
 53478 | Crypt:3  | Killed Xtahua
 53554 | Crypt:3  | Reached XP level 23. HP: 62/164 MP: 7/30
 53850 | Crypt:3  | Reached skill level 23 in Fighting
 53854 | Crypt:3  | Received a gift from Okawaru
 54080 | Crypt:3  | Identified the Collected Works on Sinister Secrets
 54128 | Crypt:3  | Found a staircase to the Tomb.
 54161 | Crypt:3  | Got a scintillating lead ring
 54163 | Crypt:3  | Identified the ring of Nuob {Fire -Tele rPois MR+ SInv} (You found it on level 3 of the Crypt)
 54572 | Vaults:4 | Cast into level 3 of the Abyss (vault warden)
 54586 | Abyss:3  | Found a corrupted altar of Lugonu.
 54753 | Abyss:3  | Noticed a golden dragon
 54918 | Abyss:3  | Received a gift from Okawaru
 54940 | Abyss:3  | Paralysed by accursed screaming for 1 turns
 55121 | Abyss:3  | Reached skill level 24 in Fighting
 55124 | Abyss:3  | Found a corrupted altar of Lugonu.
 55503 | Vaults:4 | Escaped the Abyss
 57365 | Vaults:5 | Entered Level 5 of the Vaults
 57387 | Vaults:4 | Received a gift from Okawaru
 57392 | Vaults:4 | Reached XP level 24. HP: 101/173 MP: 17/30
 58037 | Vaults:5 | Noticed an ancient lich
 58039 | Vaults:5 | Noticed an ancient lich
 58057 | Vaults:5 | HP: 7/173 [ancient lich (6)]
 58057 | Vaults:5 | Mangled by a yaktaur captain

Skill      XL: |  1  2  3  4  5  6  7  8  9 10 11 12 13 14 15 16 17 18 19 20 21 22 23 24 |
---------------+-------------------------------------------------------------------------+-----
Fighting       | 4 6 7 8 10 11 16 20 22 24 | 24.0
Armour         | 8 11 16 18 | 18.4
Evocations     | 4 5 |  5.0
Axes           | 7 11 14 16 18 20 21 | 21.2
Invocations    | 6 10 | 10.4
Dodging        | 3 10 12 13 | 13.3
Shields        | |  3.2

Action                   |  1- 3 |  4- 6 |  7- 9 | 10-12 | 13-15 | 16-18 | 19-21 | 22-24 || total
-------------------------+-------+-------+-------+-------+-------+-------+-------+-------++-------
Melee: War axe           |   101 |   158 |   253 |       |       |       |       |       ||   512
       Dagger            |       |       |   267 |       |       |       |       |       ||   267
       Whip              |       |       |   203 |    41 |       |       |       |       ||   244
       Broad axe         |       |       |       |   410 |   209 |       |       |       ||   619
       Executioner's axe |       |       |       |       |   650 |  1253 |  1467 |  1026 ||  4396
 Fire: Shortbow          |       |       |       |       |    39 |       |       |       ||    39
Invok: Heroism           |       |       |       |       |       |       |     7 |    13 ||    20
       Finesse           |       |       |       |       |       |       |     3 |     4 ||     7
 Abil: Fly               |       |       |       |       |     1 |       |       |       ||     1
Evoke: Wand              |       |       |       |       |    12 |     5 |     3 |       ||    20
       Lightning rod     |       |       |       |       |       |     3 |     2 |       ||     5
       Lamp of fire      |       |       |       |       |       |       |     2 |       ||     2
       Sack of spiders   |       |       |       |       |       |       |     2 |       ||     2
  Use: Scroll            |       |       |     5 |    15 |     8 |    16 |     7 |     8 ||    59
       Potion            |       |       |     1 |     3 |     2 |    23 |     2 |    18 ||    49
 Stab: Petrified         |       |       |       |       |     6 |       |       |       ||     6
       Invisible         |       |       |       |       |       |     3 |       |     9 ||    12
  Eat: Chunk             |       |     5 |    14 |    14 |    33 |    30 |    27 |    11 ||   134
       Bread ration      |       |       |     2 |     2 |     1 |     4 |     3 |     2 ||    14
       Royal jelly       |       |       |       |       |       |     1 |       |     2 ||     3
Armor: Scale mail        |    22 |       |       |       |       |       |       |       ||    22
       Chain mail        |    49 |   111 |   547 |   503 |  1034 |   838 |       |       ||  3082
       Crystal plate arm |       |       |       |       |       |   192 |  1547 |  1048 ||  2787
Dodge: Dodged            |    27 |    49 |   165 |   193 |   416 |   762 |   753 |   601 ||  2966
       Deflected         |       |       |       |       |    26 |   129 |   105 |    20 ||   280
Block: Shield            |    54 |   101 |   400 |   274 |       |       |       |       ||   829
